 Dungeon Sprint DCSS version 0.31-a0-879-g1609e0ac53 (webtiles) character file.

Game seed: 512437944934298771

6594 rocky1 the Fencer (level 11, -3/87 HPs)
             Began as a Djinni Gladiator on Oct 15, 2023.
             Was an Initiate of Gozag.
             Slain by a tentacle (12 damage)
             ... attached to a kraken
             ... in the Dungeon (Sprint II: "The Violet Keep of Menkaure").
             The game lasted 00:12:31 (2525 turns).

rocky1 the Fencer (Djinni Gladiator)                Turns: 2525, Time: 00:12:31

Health: -3/87      AC: 13    Str: 19    XL:     11   Next: 21%
Gold:   1387       EV: 19    Int: 14    God:    Gozag SH:  0 Dex: 18

rFire   + + .        a - +4 long sword (freeze)
rCold   x . .        (no shield)
rNeg    . . .        r - +0 ring mail
rPois   ∞            y - +1 helmet {Int+3}
rElec   .            m - +2 cloak {rPois}
rCorr   +            l - +0 pair of gloves
SInv    .            (boots unavailable)
Will    +....        (no amulet)
Stlth   +++          i - ring of resist corrosion
HPRegen 0.34/turn    k - +6 ring of strength
MPRegen 0.00/turn

%: no teleportation, infuse magic (-4 HP)
@: flying
A: sickness immunity, fire resistance 2, cold vulnerability 1, float, innate
caster, HP casting, extra vitality 1
a: Renounce Religion, Potion Petition, Call Merchant, Bribe Branch


You were in the Dungeon.
You worshipped Gozag.
Gozag was most pleased with you.
You visited 1 branch You collected 3919 gold pieces.
You spent 2532 gold pieces at shops.

Inventory:

Hand Weapons
 a - a +4 long sword of freezing (weapon)
Missiles
 d - a throwing net (quivered)
 e - a javelin
Armour
 l - a +0 pair of gloves (worn)
 m - a +2 cloak of poison resistance (worn)
 r - a +0 ring mail (worn)
 y - a +1 helmet of intelligence (worn)
Jewellery
 i - a ring of resist corrosion (left hand)
 k - a +6 ring of strength (right hand)
Talismans
 C - a granite talisman
Scrolls
 j - 6 scrolls of blinking
 q - a scroll of fog
 t - a scroll of fear
 w - a scroll of amnesia
 F - a scroll of torment
 I - a scroll of butterflies
 J - a scroll of silence
 K - a scroll of poison
Potions
 b - a potion of attraction
 c - a potion of might
 f - a potion of curing
 h - 3 potions of haste
 n - a potion of berserk rage
 p - a potion of cancellation
 u - a potion of degeneration {unknown}
 v - 6 potions of enlightenment
 x - 3 potions of resistance
 A - 3 potions of magic {unknown}
 B - a potion of lignification
 D - 2 potions of ambrosia
 E - a potion of mutation


   Skills:
 * Level 11.0 Fighting
 + Level 16.5 Long Blades
 - Level 4.1 Throwing
 + Level 6.6 Armour
 + Level 13.5 Dodging
 - Level 5.6 Stealth


You knew the following spells:

 Your Spells              Type           Power      Damage    Failure   Level
a - Sting                 Tmut/Pois      0%         1d3       43%         1
b - Poisonous Vapours     Pois/Air       0%         N/A       56%         2
c - Searing Ray           Conj           0%         2d4       56%         2
d - Ozocubu's Armour      Ice            0%         N/A       80%         3
e - Dispel Undead         Necr           0%         3d6       99%         4
Your spell library was empty.

Dungeon Overview and Level Annotations

Branches:
Dungeon (1/1)

Altars:
Cheibriados
Dithmenos
Elyvilon
Fedhas
Gozag
Hepliaklqana
Makhleb
Nemelex Xobeh
Okawaru
Qazlal
Ru
Trog
Uskayaw
Wu Jian
Xom
Yredelemnul
Zin
The Shining One
Jiyva
Lugonu

Shops:
D :(*!!=[[=[=![:

Annotations:
D exclusion: oklob plant, Roxanne


Innate Abilities, Weirdness & Mutations

You are immune to sickness and miasma.
You are immune to poison.
Your flesh is very heat resistant. (rF++)
You are vulnerable to cold. (rC-)
You float through the air rather than walking.
You learn spells naturally, not from books.
Your magical power is your life essence.
You have superior vitality. (+4 MHP)


Message History

The tentacle closely misses you.
You slice the tentacle!! You freeze the tentacle.
You kill the tentacle!
The tentacle slaps you!!
You feel much better. The tentacle slaps you!
The tentacle completely misses you.
You slice the tentacle!! You freeze the tentacle.
The tentacle is heavily wounded.
A tentacle rises from the water!
The tentacle barely misses you.
You hit the tentacle. You freeze the tentacle.
The tentacle is heavily wounded.
The tentacle misses you.
You closely miss the tentacle.
The tentacle is heavily wounded.
The tentacle slaps you!
You slash the tentacle! You freeze the tentacle.
The tentacle is severely wounded.
The tentacle barely misses you.
You hit the tentacle. You freeze the tentacle.
The tentacle is severely wounded.
The tentacle closely misses you. The tentacle slaps you!
* * * LOW HITPOINT WARNING * * *
You hit the tentacle but do no damage.
The tentacle is severely wounded.
The tentacle slaps you.
* * * LOW HITPOINT WARNING * * *
You slash the tentacle! You freeze the tentacle.
You kill the tentacle!
A tentacle rises from the water!
Unknown command.
You feel better. The tentacle slaps you!
* * * LOW HITPOINT WARNING * * *
You feel much better. The tentacle slaps you!
* * * LOW HITPOINT WARNING * * *
The tentacle completely misses you.
You slash the tentacle! You freeze the tentacle.
The tentacle is moderately wounded.
The tentacle slaps you!
You die...
Your body crumbles into a pile of gold.

####.#..#°°▓..(.....▓▓,⌠,*,*,+~,,
#..'.##.#=○▓[.))..)=▓▓,,,*,*,+~,,
#..#.^.####▓.....=).▓▓,,,*,*,+~,,
#####..##.#▓:.()[.()▓▓,,,*,*,+~,,
.#..'.^#..#▓..:).(..▓▓,,,*,*,+~,,
.#..#..#).#▓.......|▓▓,⌠,*,*,*~,,
.####..##.#▓[.).[...▓▓,,,*,*,*~,,
...###...##▓▓▓▓▓▓▓Λ▓▓▓▓+▓*,***~,,
.....~~~~~~~~~~~@w.\wXw≈▓,,,,,,,,
.....~#'########'###V≈w≈▓,,,,,,,*
~~~..~#._._._..#~~§##≈≈≈▓,,,,,,**
~~~~.~#.._._._.#~§≈≈####▓****~**
§~~~~~#._._._._#§~§§§##,,*,,*~*
≈§§~§~#_._._._.#~§§§§≈#,,*,,*~*
§§§§§§#._._._..#~~§~§≈+,,+,,*~*
§###§§#_._._...#~§§~≈§#,,*,,*~*
≈#.#≈≈#._._....#~~§≈§§▓,,*,,*~*


You could see a kraken and 4 tentacles.

Vanquished Creatures
  A deep elf master archer (D)
  A crystal guardian (D)
  An iron elemental (D)
  2 death drakes (D)
  A merfolk siren (D)
  2 cane toads (D)
  A yaktaur (D)
  A hornet (D)
  3 polar bears (D)
  2 wyverns (D)
  Menkaure (D)
  4 water moccasins (D)
  2 swamp drakes (D)
  4 necrophages (D)
  A scorpion (D)
  3 worms (D)
  A spectral bat (D)
  A spectral ball python (D)
  3 tentacles (D)
35 creatures vanquished.

Vanquished Creatures (others)
  8 tentacles (D)
8 creatures vanquished.

Grand Total: 43 creatures vanquished

Notes
Turn   | Place    | Note
-------+----------+-------------------------------------------
     0 | D        | rocky1 the Djinni Gladiator began the quest for the Orb.
     0 | D        | Reached XP level 1. HP: 18/18 MP: 0/0
     1 | D        | Noticed a wyvern
     1 | D        | Noticed a wyvern
     9 | D        | Killed a wyvern
    10 | D        | Reached skill level 6 in Long Blades
    10 | D        | Reached XP level 2. HP: 16/26 MP: 0/0
    10 | D        | Reached XP level 3. HP: 19/31 MP: 0/0
    10 | D        | Learned a level 1 spell: Sting
    10 | D        | Reached XP level 4. HP: 23/37 MP: 0/0
    10 | D        | Reached XP level 5. HP: 26/41 MP: 0/0
    10 | D        | Learned a level 2 spell: Poisonous Vapours
    12 | D        | Killed a wyvern
    13 | D        | Reached skill level 7 in Long Blades
    13 | D        | Reached XP level 6. HP: 12/49 MP: 0/0
   151 | D        | Noticed a water moccasin
   152 | D        | Found a glowing silver altar of Zin.
   153 | D        | Found a glowing golden altar of the Shining One.
   153 | D        | Found a basalt altar of Yredelemnul.
   153 | D        | Found a hide-covered altar of Uskayaw.
   153 | D        | Found a sparkling altar of Nemelex Xobeh.
   154 | D        | Found an iron altar of Okawaru.
   161 | D        | Killed a water moccasin
   162 | D        | Reached skill level 5 in Fighting
   162 | D        | Reached skill level 8 in Long Blades
   162 | D        | Reached skill level 1 in Armour
   162 | D        | Reached XP level 7. HP: 46/54 MP: 0/0
   162 | D        | Learned a level 2 spell: Searing Ray
   162 | D        | Found a shimmering altar of Xom.
   162 | D        | Found a bloodstained altar of Trog.
   162 | D        | Found a burning altar of Makhleb.
   162 | D        | Found an opulent altar of Gozag.
   163 | D        | Found an ornate altar of the Wu Jian Council.
   163 | D        | Found a corrupted altar of Lugonu.
   163 | D        | Found a blossoming altar of Fedhas.
   164 | D        | Found a sacrificial altar of Ru.
   164 | D        | Found a white marble altar of Elyvilon.
   165 | D        | Found a stormy altar of Qazlal.
   165 | D        | Found a viscous altar of Jiyva.
   165 | D        | Found a shadowy altar of Dithmenos.
   166 | D        | Found a hazy altar of Hepliaklqana.
   166 | D        | Found a snail-covered altar of Cheibriados.
   178 | D        | Became a worshipper of Gozag Ym Sagoz the Greedy
   212 | D        | Noticed Menkaure
   217 | D        | Killed Menkaure
   218 | D        | Reached skill level 9 in Long Blades
   218 | D        | Reached skill level 10 in Dodging
   220 | D        | Found Ruzin's Book Shoppe.
   221 | D        | Found Vahic's Distillery.
   221 | D        | Found Sianeh's Antique Armour Emporium.
   222 | D        | Found Mouxyco's Jewellery Shoppe.
   222 | D        | Found Xoulodef's Armour Emporium.
   223 | D        | Found Sozuqam's Antique Armour Shoppe.
   223 | D        | Found Tecrasai's Armour Emporium.
   223 | D        | Found Ima Kiy's Magic Scroll Emporium.
   223 | D        | Found Zuerch's Jewellery Shoppe.
   224 | D        | Found Iseoh's Distillery.
   224 | D        | Found Xoitti Fuank's Distillery.
   224 | D        | Found Pivvo's Jewellery Emporium.
   225 | D        | Found Zugafan's General Store.
   225 | D        | Found Hekovez's Antique Weapon Emporium.
   225 | D        | Noticed a polar bear
   226 | D        | Noticed a great orb of eyes
   305 | D        | Noticed Roxanne
   354 | D        | Noticed a merfolk siren
   380 | D        | Killed a merfolk siren
   381 | D        | Reached skill level 11 in Long Blades
   381 | D        | Reached XP level 8. HP: 21/61 MP: 0/0
   518 | D        | Noticed a polar bear
   520 | D        | Noticed an oklob plant
   521 | D        | Found Cugrotze's Book Shoppe.
   539 | D        | Bought a cloak for 90 gold pieces
   539 | D        | Bought a pair of gloves for 90 gold pieces
   555 | D        | Bought an embroidered cloak for 135 gold pieces
   571 | D        | Bought a potion of berserk rage for 55 gold pieces
   571 | D        | Bought a potion of heal wounds for 55 gold pieces
   571 | D        | Bought a potion of heal wounds for 55 gold pieces
   571 | D        | Bought a potion of haste for 110 gold pieces
   571 | D        | Bought a potion of heal wounds for 55 gold pieces
   571 | D        | Bought a potion of might for 44 gold pieces
   577 | D        | Bought a potion of heal wounds for 65 gold pieces
   577 | D        | Bought a potion of berserk rage for 65 gold pieces
   577 | D        | Bought a potion of lignification for 39 gold pieces
   603 | D        | Bought a +0 ring mail for 40 gold pieces
   621 | D        | Bought a potion of heal wounds for 50 gold pieces
   621 | D        | Bought a potion of heal wounds for 50 gold pieces
   666 | D        | Reached skill level 1 in Stealth
   670 | D        | Reached skill level 12 in Long Blades
   812 | D        | Noticed a crystal guardian
   815 | D        | Noticed a yaktaur
   815 | D        | Noticed a hornet
   815 | D        | Noticed a polar bear
   815 | D        | Noticed a polar bear
   823 | D        | Noticed a death drake
   826 | D        | Killed a polar bear
   826 | D        | Noticed a polar bear
   829 | D        | Killed a polar bear
   830 | D        | Reached skill level 13 in Long Blades
   830 | D        | Reached XP level 9. HP: 42/68 MP: 0/0
   830 | D        | Learned a level 3 spell: Ozocubu's Armour
   833 | D        | Killed a hornet
   849 | D        | Killed a polar bear
   875 | D        | Killed a death drake
   876 | D        | Reached skill level 14 in Long Blades
   881 | D        | Killed a yaktaur
   882 | D        | Reached skill level 15 in Long Blades
  1060 | D        | Noticed a kraken
  1069 | D        | Reached XP level 10. HP: 76/76 MP: 0/0
  1462 | D        | Bought a scroll of fog for 44 gold pieces
  1462 | D        | Bought a scroll of torment for 104 gold pieces
  1462 | D        | Bought a scroll of enchant weapon for 82 gold pieces
  1462 | D        | Bought a scroll of identify for 22 gold pieces
  1462 | D        | Bought a scroll of revelation for 82 gold pieces
  1462 | D        | Bought a scroll of identify for 22 gold pieces
  1462 | D        | Bought a scroll of butterflies for 44 gold pieces
  1462 | D        | Bought a scroll of identify for 22 gold pieces
  1462 | D        | Bought a scroll of silence for 104 gold pieces
  1462 | D        | Bought a scroll of brand weapon for 104 gold pieces
  1462 | D        | Bought a scroll of poison for 44 gold pieces
  1466 | D        | Bought a scroll of identify for 28 gold pieces
  1466 | D        | Bought a +1 helmet of intelligence for 231 gold pieces
  1466 | D        | Bought a scroll of fog for 56 gold pieces
  1466 | D        | Bought a scroll of blinking for 105 gold pieces
  1485 | D        | Bought a potion of haste for 100 gold pieces
  1485 | D        | Bought a potion of ambrosia for 80 gold pieces
  1485 | D        | Bought a potion of haste for 100 gold pieces
  1485 | D        | Bought a potion of curing for 30 gold pieces
  1485 | D        | Bought a potion of haste for 100 gold pieces
  1485 | D        | Bought a potion of attraction for 30 gold pieces
  1549 | D        | Noticed a death drake
  1598 | D        | Killed a death drake
  1653 | D        | Killed a crystal guardian
  1654 | D        | Reached skill level 16 in Long Blades
  1900 | D        | Noticed a cane toad
  1901 | D        | Noticed a cane toad
  1922 | D        | Killed a cane toad
  1923 | D        | Reached skill level 5 in Armour
  1927 | D        | Killed a cane toad
  2193 | D        | Noticed a deep elf master archer
  2196 | D        | Noticed an iron elemental
  2212 | D        | HP: 5/118 [iron elemental/iron shot (66)]
  2215 | D        | Killed an iron elemental
  2216 | D        | Reached skill level 10 in Fighting
  2216 | D        | Reached XP level 11. HP: 6/85 MP: 0/0
  2216 | D        | Learned a level 4 spell: Dispel Undead
  2469 | D        | Killed a deep elf master archer
  2470 | D        | Reached skill level 5 in Stealth
  2476 | D        | Found the +3 crown of Dyrovepreva {rElec Int+2 SInv}
  2476 | D        | Noticed a golden dragon
  2476 | D        | Noticed a curse toe
  2476 | D        | Noticed a royal mummy
  2476 | D        | Noticed an ice dragon
  2476 | D        | Noticed a fire dragon
  2476 | D        | Noticed a death yak
  2476 | D        | Noticed an electric golem
  2476 | D        | Noticed an iron golem
  2476 | D        | Noticed a toenail golem
  2525 | D        | Slain by a tentacle

Illustrated notes

Levels and vault maps discovered:
D:        the_violet_keep_of_menkaure [sprint2_stairs_cluster_1,
          sprint2_shoproom, sprint2_temple, sprint2_basic_supplies,
          sprint2_obstacle_6, sprint2_obstacle_5, sprint2_obstacle_7,
          sprint2_obstacle_2, sprint2_obstacle_1, sprint2_timed_cluster_1,
          sprint2_smallroom_cluster_1, sprint2_smallroom_final_cluster_1,
          sprint2_transparent_cluster_1, sprint2_second_timed_cluster_1,
          sprint2_sniper_area_1, sprint2_heavy_combat_area_1,
          sprint2_mutation_trap_area_1, sprint2_forest_area_1,
          sprint2_light_combat_area_1, sprint2_behind_water_1,
          sprint2_near_end_vault_1]

Skill      XL: |  1  2  3  4  5  6  7  8  9 10 11 |
---------------+----------------------------------+-----
Fighting       | 4 5 6 7 8 10 11 | 11.0
Long Blades    | 6 7 8 11 13 15 16 | 16.5
Throwing       | 3 4 |  4.1
Dodging        | 7 9 10 11 13 | 13.5
Armour         | 1 2 3 5 6 |  6.6
Stealth        | 1 3 4 5 |  5.6

Action                     |  1- 3 |  4- 6 |  7- 9 | 10-12 || total
---------------------------+-------+-------+-------+-------++-------
  Melee: Long sword        |     5 |    10 |   129 |   111 ||   255
         Punch             |       |       |       |     2 ||     2
  Throw: Throwing net      |     1 |       |       |     2 ||     3
    Use: Potion            |     1 |       |     8 |     9 ||    18
         Scroll            |       |       |       |    16 ||    16
   Stab: Sleeping          |       |       |     1 |     2 ||     3
         Distracted        |       |       |     1 |       ||     1
         Confused          |       |       |     1 |       ||     1
         Held in net/web   |       |       |       |     3 ||     3
 Armour: Leather armour    |     2 |     4 |     9 |       ||    15
         Skin              |       |       |    67 |       ||    67
         Ring mail         |       |       |    11 |    41 ||    52
  Dodge: Dodged            |     2 |     8 |    28 |    65 ||   103

Table legend: (Time is in decaauts)
 A = Elapsed time spent in this place.
 B = Non-inter-level travel time spent in this place.
 C = Inter-level travel time spent in this place.
 D = Time resting spent in this place.
 E = Time spent auto-exploring this place.
 F = Levels seen in this place.
 G = Mean time per level.
                   A        B        C        D        E       F      G
               +--------+--------+--------+--------+--------+-----+--------+
         Total |   2449 |   2422 |     27 |   1426 |      0 |   1 | 2449.0 |
       Dungeon |   2449 |   2422 |     27 |   1426 |      0 |   1 | 2449.0 |
               +--------+--------+--------+--------+--------+-----+--------+

Top non-repeatable levels by time:
       D: 2449 daAuts
